 Dungeon Crawl Stone Soup version 0.31-a0-965-g8a8ce12e04 (webtiles) character file.

Game seed: 3222202864512425025

1131 sammy202020 the Covered (level 8, -13/70 (73) HPs)
             Began as an Armataur Berserker on Oct 26, 2023.
             Was a Priest of Trog.
             Mangled by an orc warrior
             ... wielding a +0 glaive
              (21 damage)
             ... on level 5 of the Dungeon.
             The game lasted 00:07:36 (5471 turns).

sammy202020 the Covered (Armataur Berserker)        Turns: 5471, Time: 00:07:37

HP:   -13/70 (73)   AC:  9    Str: 23    XL:     8   Next: 13%
MP:   8/8           EV: 10    Int: 10    God:    Trog [***...]
Gold: 301           SH:  0    Dex:  9    Spells: 7/7 levels left

rFire   . . .        i - +1 whip (elec)
rCold   . . .        (no shield)
rNeg    . . .        k - +0 leather armour
rPois   .            (no helmet)
rElec   .            (no cloak)
rCorr   .            (no gloves)
SInv    .            (no barding)
Will    ++...        (no amulet)
Stlth   +            f - +4 ring of protection
HPRegen 1.31/turn    (no ring)
MPRegen 0.11/turn

%: roll
@: strong-willed (expiring), on berserk cooldown, regenerating (expiring),
slowed, lightly drained, very slow
A: large, rugged brown scales 3, deformed body, armoured tail, roll, long
tongue, awkward tongue
a: Renounce Religion, Berserk, Trog's Hand


You were on level 5 of the Dungeon.
You worshipped Trog.
Trog was most pleased with you.
You visited 1 branch of the dungeon, and saw 5 of its levels.

You collected 301 gold pieces.

Inventory:

Hand Weapons
 a - a +1 mace
 i - a +1 whip of electrocution (weapon)
Armour
 k - a +0 leather armour (worn)
Jewellery
 f - a +4 ring of protection (left hand)
Scrolls
 b - a scroll of poison
 l - a scroll of blinking
 m - a scroll of silence
Potions
 c - 4 potions of curing
 d - 2 potions of brilliance
 e - a potion of attraction {unknown}
 g - 2 potions of heal wounds {unknown}
 h - a potion of magic {unknown}
 j - a potion of mutation {unknown}


   Skills:
 * Level 5.4 Fighting
 * Level 5.3 Maces & Flails
 * Level 6.6 Armour
 + Level 3.0 Dodging


You had 7 spell levels left.
You didn't know any spells.
Your spell library was empty.

Dungeon Overview and Level Annotations

Branches:
Dungeon (5/15)             Temple (0/1) D:5

Altars:
Uskayaw

Shops:
D:1 [


Innate Abilities, Weirdness & Mutations

You are completely covered in rugged brown scales. (AC +3, +7% HP)
Armour fits poorly on your strangely shaped body.
You have a long armoured tail.
You roll when moving toward enemies. (Rampage)
Your long tongue fully drains potion bottles. (2x potion effects)
Your tongue gives you trouble enunciating. (1.5x scroll delay)


Message History

The orc hits you with a +0 mace.
The orc warrior hits you with a +0 mace!
An orc comes into view. It is wielding a +0 falchion.
An orc priest comes into view. It is wielding a +0 trident.
The orc warrior completely misses you.
The orc warrior hits you with a +0 glaive!
There is an open translucent door here.
The orc priest shouts!
The orc warrior attacks as it pursues you!
The orc warrior hits you with a +0 mace.
The orc warrior barely misses you.
You barely miss the orc warrior. The orc warrior misses you.
The orc warrior barely misses you.
You roll towards the orc!
You miss something.
Your tail-slap misses something.
You feel the effects of Trog's Hand fading.
The orc hits you with a +0 hand axe.
The orc warrior hits you with a +0 glaive.
Something completely misses you. The orc warrior misses you.
The orc hits you but does no damage. The orc warrior closely misses you.
You hit the orc warrior but do no damage.
Lightning courses through the orc warrior!!
The orc warrior is severely wounded.
Something hits you but does no damage.
The orc warrior hits you but does no damage.
The orc priest calls down the wrath of Beogh upon you.
Beogh smites you! The orc barely misses you. The orc warrior barely misses you.
The orc wizard casts a spell.
The orc wizard flickers and vanishes!
You hear a shout!
You hit the orc warrior.
The orc warrior is severely wounded.
Something hits you.
The orc warrior hits you with a +0 mace!
* * * LOW HITPOINT WARNING * * *
The orc warrior barely misses you. Something hits you but does no damage.
The orc warrior hits you with a +0 mace.
* * * LOW HITPOINT WARNING * * *
The orc suddenly jeers, in orcish tradition.
The orc warrior hits you from afar with a +0 glaive!!
You die...

##...........## #...
##...##....##..####...
###...#####..###.......#
#.....# #...###.##...#
##...## ##############
##..### ###.........
##...###8oo8..8..8.
#..###oooo....o...
##.#@'{oooo.......
#..o#oo{o....o..o
##..##8oo8..8..8.
####..####o........
#.##.## #############
##..## ##...........#
#### #....#.......# #.##
##...###.......
#..###....# ##....##


You could see 2 orc warriors, an orc priest, an orc wizard and 13 orcs.

Vanquished Creatures
  Eustachio (D:4)
  2 ogres (D:5)
  6 scorpions (D:5)
  3 hounds
  Jessica (D:2)
  3 iguanas (D:5)
  An orc wizard (D:5)
  6 gnolls
  9 adders
  2 worms
  3 dart slugs
  8 orcs
  5 bats
  11 endoplasms
  5 giant cockroaches
  14 goblins
  5 hobgoblins
  7 kobolds
  14 quokkas
  6 ball pythons
  3 frilled lizards
  10 rats
125 creatures vanquished.

Notes
Turn   | Place    | Note
-------+----------+-------------------------------------------
     0 | D:1      | sammy202020 the Armataur Berserker began the quest for the
                  | Orb.
     0 | D:1      | Reached XP level 1. HP: 19/19 MP: 1/1
    45 | D:1      | Found Qutut's Armour Boutique.
   113 | D:1      | Reached XP level 2. HP: 26/26 MP: 2/2
   344 | D:1      | Reached skill level 3 in Armour
   847 | D:2      | Reached XP level 3. HP: 33/33 MP: 3/3
   940 | D:2      | Reached ** piety under Trog
  1177 | D:2      | Reached XP level 4. HP: 40/40 MP: 4/4
  1259 | D:2      | Noticed Jessica
  1270 | D:2      | Killed Jessica
  1457 | D:2      | Reached XP level 5. HP: 48/48 MP: 5/5
  1687 | D:3      | Reached skill level 4 in Armour
  1796 | D:3      | Found a hide-covered altar of Uskayaw.
  2484 | D:4      | Reached *** piety under Trog
  2559 | D:4      | Noticed Eustachio
  2579 | D:4      | Killed Eustachio
  2580 | D:4      | Reached XP level 6. HP: 13/55 MP: 6/6
  3080 | D:4      | Reached skill level 5 in Armour
  3516 | D:5      | Entered Level 5 of the Dungeon
  3872 | D:5      | Reached XP level 7. HP: 28/64 MP: 7/7
  4228 | D:5      | Found a staircase to the Ecumenical Temple.
  4358 | D:5      | Reached skill level 5 in Fighting
  4358 | D:5      | Reached skill level 6 in Armour
  4585 | D:5      | Reached skill level 5 in Maces & Flails
  4782 | D:5      | Reached XP level 8. HP: 27/72 MP: 8/8
  5245 | D:5      | Found a runed translucent door.
  5471 | D:5      | Mangled by an orc warrior

Illustrated notes

Levels and vault maps discovered:
D:1:      pf_arrival_petrified_forest, layout_basic, serial_shops,
          nicolae_shop_gibbet_a_chance, chequers_serial_rivers_micro_c
D:2:      wad_woods_tower, layout_loops_ring, uniq_jessica
D:3:      minmay_inner_zag, layout_basic, eat_drink_and_be_merry_uskayaw
D:4:      layout_loops_ring, minmay_checkerbox, uniq_eustachio
D:5:      layout_layer_cave, temple_green, lightli_church_of_beogh

Skill      XL: |  1  2  3  4  5  6  7  8 |
---------------+-------------------------+-----
Fighting       | 3 4 5 |  5.4
Maces & Flails | 3 4 5 |  5.3
Armour         | 3 4 5 6 |  6.6
Dodging        | 2 3 |  3.0

Action                     |  1- 3 |  4- 6 |  7- 9 || total
---------------------------+-------+-------+-------++-------
  Melee: Mace              |    96 |   169 |       ||   265
         Tailslap          |     2 |    28 |    15 ||    45
         Punch             |     1 |     4 |     2 ||     7
         Whip              |       |    40 |    71 ||   111
 Invoke: Berserk           |       |     2 |     1 ||     3
         Trog's Hand       |       |       |     1 ||     1
    Use: Scroll            |     3 |     6 |       ||     9
   Stab: Sleeping          |     3 |       |       ||     3
 Armour: Animal skin       |    73 |    66 |       ||   139
         Leather armour    |       |    81 |    79 ||   160
  Dodge: Dodged            |    56 |   120 |    50 ||   226

Table legend: (Time is in decaauts)
 A = Elapsed time spent in this place.
 B = Non-inter-level travel time spent in this place.
 C = Inter-level travel time spent in this place.
 D = Time resting spent in this place.
 E = Time spent auto-exploring this place.
 F = Levels seen in this place.
 G = Mean time per level.
                   A        B        C        D        E       F      G
               +--------+--------+--------+--------+--------+-----+--------+
         Total |   5543 |   5507 |     36 |    894 |   3710 |   5 | 1108.6 |
       Dungeon |   5543 |   5507 |     36 |    894 |   3710 |   5 | 1108.6 |
               +--------+--------+--------+--------+--------+-----+--------+

Top non-repeatable levels by time:
     D:5: 1949 daAuts
     D:4: 1139 daAuts
     D:2: 877 daAuts
     D:1: 822 daAuts
     D:3: 754 daAuts
